 Dungeon Crawl Stone Soup version 0.29-a0-409-gd843f3a48c (webtiles) character file.

Game seed: 14578181122297957948

63 Lekart the Skirmisher (level 3, 0/33 HPs)
             Began as a Draconian Chaos Knight on May 13, 2022.
             Was a Plaything of Xom.
             Slain by a black bear (3 damage)
             ... on level 3 of the Dungeon.
             The game lasted 00:02:06 (1929 turns).

Lekart the Skirmisher (Draconian Chaos Knight)      Turns: 1929, Time: 00:02:07

Health: 0/33       AC:  8    Str: 14      XL:     3   Next: 89%
Magic:  3/3        EV: 12    Int: 11 (12) God:    Xom [......]
Gold:   50         SH:  0    Dex: 12      Spells: 2/2 levels left

rFire   . . .      SeeInvis .   a - +0 falchion (chaos)
rCold   . . .      Faith    .   (no shield)
rNeg    . . .      Spirit   .   (body armour unavailable)
rPois   .          Reflect  .   (helmet restricted)
rElec   .          Harm     .   (no cloak)
rCorr   .          Rampage  .   c - +2 pair of gloves
Will    .....                   (no boots)
Stlth   +.........              (no amulet)
HPRegen 0.11/turn               (no ring)
MPRegen 0.08/turn               (no ring)

@: no status effects
A: AC +5, unfitting armour, cold-blooded
a: Renounce Religion


You were on level 3 of the Dungeon.
You worshipped Xom.
You were a very special plaything of Xom.
You visited 1 branch of the dungeon, and saw 3 of its levels.

You collected 50 gold pieces.

Inventory:

Hand Weapons
 a - a +0 falchion of chaos (weapon)
Armour
 c - a +2 pair of gloves (worn)
Scrolls
 d - a scroll of identify
Potions
 e - 4 potions of brilliance {unknown}
 f - a potion of lignification {unknown}
 g - a potion of ambrosia {unknown}
 h - a potion of flight {unknown}
 j - a potion of degeneration {unknown}
Miscellaneous
 b - a piece from Xom's chessboard (11/15) (quivered)


   Skills:
 * Level 4.2 Fighting
 + Level 3.4 Long Blades
 * Level 3.0 Dodging


You had 2 spell levels left.
You didn't know any spells.
Your spell library contained the following spells:

 Spells                   Type           Power      Damage    Failure   Level
 Beastly Appendage        Tmut           0%         N/A       34%         1
 Sting                    Tmut/Pois      0%         1d3       34%         1
 Ice Form                 Ice/Tmut       0%         N/A       98%         4
 Conjure Ball Lightning   Conj/Air       0%         3x3d6     100%        6
 Discord                  Hex            0%         N/A       100%        8
 Disjunction              Tloc           0%         N/A       100%        8


Dungeon Overview and Level Annotations

Branches:
Dungeon (3/15)

Altars:

Annotations:
D:1 exclusion: downstairs


Innate Abilities, Weirdness & Mutations

Your plain brown scales are hard. (AC +5)
You cannot fit into any form of body armour.
You are cold-blooded and may be slowed by cold attacks.


Message History

No target in view!
Found a stone staircase leading up.
No target in view!
A black bear comes into view.
The black bear growls angrily.
The black bear bites you. The black bear barely misses you.
The black bear closely misses you.
A black bear is nearby!
You hit the black bear.
The black bear suddenly seems more agile.
Xom thinks this is hilarious!
The black bear is lightly wounded.
The black bear bites you but does no damage.
The black bear claws you but does no damage.
The black bear claws you.
A black bear is nearby!
You hit the black bear.
The black bear flickers and vanishes!
Deactivating autopickup; reactivate with Ctrl-A.
Something bites you but does no damage.
Something claws you but does no damage. x2
No target in view!
No target in view!
No target in view!
You hit something. Something bites you. Something claws you but does no damage.
Something claws you.
You miss something. You tail-slap something.
Something bites you but does no damage.
Something claws you but does no damage. x2
You barely miss something.
Your tail-slap misses something.
Something bites you. Something claws you but does no damage.
Something claws you.
You miss something. Something bites you but does no damage.
Something claws you but does no damage. Something claws you.
You closely miss something. Something bites you but does no damage.
Something claws you but does no damage. x2
You barely miss something. Something bites you!
* * * LOW HITPOINT WARNING * * *
Something claws you but does no damage. Something claws you.
* * * LOW HITPOINT WARNING * * *
Something bites you.
You die... "It was about time."

#.......).#######.
#.#.#####.........
#.#.# #.########
#.###.#.# #.#
..>....# #.#
..###...#####.#
<.............#
..##.[..#######
#.....@{#
#.........#
###.......#
###...### ......
.....## ##.##. #.
..


There were no monsters in sight!

Vanquished Creatures
  Jessica (D:2)
  An adder (D:2)
  A worm (D:2)
  A dart slug (D:2)
  2 endoplasms (D:2)
  3 goblins
  4 hobgoblins
  2 quokkas (D:2)
  3 ball pythons
  2 bats
  A frilled lizard (D:2)
  A kobold (D:2)
  2 rats
24 creatures vanquished.

Notes
Turn   | Place    | Note
-------+----------+-------------------------------------------
     0 | D:1      | Lekart the Draconian Chaos Knight began the quest for the
                  | Orb.
     0 | D:1      | Reached XP level 1. HP: 19/19 MP: 1/1
    99 | D:1      | XOM: silly message
   206 | D:1      | Got Sif Muna's Tome of Venomous Moulding
   323 | D:1      | Found a faded altar of an unknown god.
   434 | D:1      | XOM: silly message
   624 | D:1      | XOM: silly message
   914 | D:2      | Reached XP level 2. HP: 26/26 MP: 2/2
  1028 | D:2      | Noticed Jessica
  1039 | D:2      | Killed Jessica
  1040 | D:2      | Reached skill level 4 in Fighting
  1040 | D:2      | Reached XP level 3. HP: 10/33 MP: 3/3
  1151 | D:2      | XOM: silly message
  1268 | D:2      | XOM: 5-stop teleportation journey
  1501 | D:2      | XOM is BORED!
  1568 | D:2      | Noticed an ogre
  1806 | D:1      | XOM: stat loss: -1 Int (11/12)
  1920 | D:3      | Noticed a black bear
  1929 | D:3      | Slain by a black bear

Illustrated notes

Levels and vault maps discovered:
D:1:      psy_arrival_spokes, layout_loops_corners,
          shapermc_ecumenical_altar_hornbeckon
D:2:      layout_basic, serial_rivers, chequers_serial_rivers_room_a,
          chequers_serial_rivers_small_b, chequers_serial_rivers_small_b,
          chequers_serial_rivers_micro_a, chequers_serial_rivers_marsh,
          basic_altar, uniq_jessica
D:3:      layout_loops_cross, uniq_robin, uniq_natasha

Skill      XL: |  1  2  3 |
---------------+----------+-----
Fighting       | 4 |  4.2
Dodging        | 3 |  3.0
Long Blades    | |  3.4

Action                   || total
-------------------------++-------
Melee: Falchion          ||    77
       Tailslap          ||     8
       Punch             ||     1
Evoke: Piece from Xom's  ||     4
  Use: Scroll            ||     4
Armor: Skin              ||    40
Dodge: Dodged            ||    66

Table legend: (Time is in decaauts)
 A = Elapsed time spent in this place.
 B = Non-inter-level travel time spent in this place.
 C = Inter-level travel time spent in this place.
 D = Time resting spent in this place.
 E = Time spent auto-exploring this place.
 F = Levels seen in this place.
 G = Mean time per level.
                   A        B        C        D        E       F      G
               +--------+--------+--------+--------+--------+-----+--------+
         Total |   1957 |   1878 |     79 |    337 |   1291 |   3 |  652.3 |
       Dungeon |   1957 |   1878 |     79 |    337 |   1291 |   3 |  652.3 |
               +--------+--------+--------+--------+--------+-----+--------+

Top non-repeatable levels by time:
     D:1: 1143 daAuts
     D:2: 765 daAuts
     D:3: 48 daAuts
